 Dungeon Crawl Stone Soup version 0.25.0-9-g26727b657a (webtiles) character file.

Game seed: 1326961180479431359

27598 Apogee the Peltast (level 13, -2/126 HPs)
             Began as a Gargoyle Gladiator on June 19, 2020.
             Was a High Priest of Trog.
             Slain by a meliai
             ... wielding a +0 hand axe
              (4 damage)
             ... on level 13 of the Dungeon on June 20, 2020.
             The game lasted 00:30:35 (16682 turns).

Apogee the Peltast (Gargoyle Gladiator)            Turns: 16682, Time: 00:30:37

Health: -2/126     AC: 33    Str: 24    XL:     13   Next: 33%
Magic:  0/13       EV:  2    Int:  8    God:    Trog [*****.]
Gold:   825        SH: 16    Dex: 11    Spells: 12/12 levels left

rFire    + . .     SeeInvis .   b - +2 flail (protect)
rCold    + . .     Gourm    .   y - +2 shield of Resistance {rF+ rC+ MR+}
rNeg     + + +     Faith    .   (armour currently unavailable)
rPois    ∞         Spirit   +   (helmet currently unavailable)
rElec    .         Reflect  .   (cloak currently unavailable)
rCorr    .         Harm     .   (gloves currently unavailable)
MR       +....     NoTele   +   (boots currently unavailable)
Stlth    +.........             j - amulet of guardian spirit
HPRegen  0.31/turn              (no ring)
MPRegen  0.13/turn              (no ring)

@: tree-form, protection aura
A: negative energy resistance 1, petrification resistance, rot immunity, AC +9
a: Berserk, Trog's Hand, Brothers in Arms, Renounce Religion


You were on level 13 of the Dungeon.
You worshipped Trog.
Trog was extremely pleased with you.
You were not hungry.
You were a tree.
You visited 3 branches of the dungeon, and saw 17 of its levels.

You collected 825 gold pieces.

Inventory:

Hand Weapons
 a - a +3 whip of freezing
 b - a +2 flail of protection (weapon)
Missiles
 d - 4 throwing nets (quivered)
 h - 5 javelins
 n - 18 poisoned darts
 z - 11 boomerangs
Armour
 c - a +1 helmet (melded)
 r - a +0 pair of gloves (melded)
 y - the +2 shield of Resistance (worn) {rF+ rC+ MR+}
   (You found it on level 6 of the Dungeon)

   It protects you from fire.
   It protects you from cold.
   It affects your resistance to hostile enchantments.
 A - a scarf of resistance (melded)
 O - a +0 plate armour (melded)
Jewellery
 g - an uncursed ring of resist corrosion {unknown}
 j - an amulet of guardian spirit (around neck)
 E - an uncursed amulet of faith
 K - a +4 ring of slaying {unknown}
 L - a cursed ring of positive energy {unknown}
Wands
 o - a wand of polymorph (9)
 q - a wand of flame (16)
 u - a wand of paralysis (26)
 D - a wand of enslavement (7)
 G - a wand of acid (18)
 I - a wand of disintegration (35)
 P - a wand of random effects (15)
Scrolls
 i - 4 scrolls of identify
 l - 5 scrolls of amnesia
 m - 2 scrolls of blinking
 p - 5 scrolls of remove curse
 w - 2 scrolls of torment {unknown}
 x - 8 scrolls of teleportation
 B - 2 scrolls of enchant weapon
 C - 4 scrolls of silence {unknown}
 J - 2 scrolls of magic mapping
 M - a scroll of brand weapon {unknown}
 N - a scroll of enchant armour
 Q - a scroll of fog
Potions
 e - 7 potions of heal wounds {unknown}
 k - 3 potions of flight
 s - 3 potions of haste {unknown}
 t - 2 potions of degeneration {unknown}
 v - 5 potions of lignification
 F - a potion of mutation {unknown}
 H - 2 potions of curing {unknown}
Comestibles
 f - 23 rations


   Skills:
 + Level 11.2 Fighting
 - Level 12.0 Maces & Flails
 - Level 1.7 Throwing
 - Level 8.0 Armour
 - Level 2.4 Dodging
 - Level 15.0 Shields


You had 12 spell levels left.
You didn't know any spells.
Your spell library was empty.

Dungeon Overview and Level Annotations

Branches:
Dungeon (13/15)            Temple (1/1) D:6            Lair (3/6) D:8
 Shoals (0/4) Lair:2        Snake (0/4) Lair:3          Orc (0/2) D:9
 Vaults: D:13-14

Altars:
Ashenzari
Cheibriados
Dithmenos
Elyvilon
Fedhas
Gozag
Hepliaklqana
Kikubaaqudgha
Makhleb
Nemelex Xobeh
Okawaru
Qazlal
Ru
Sif Muna
Trog
Uskayaw
Vehumet
Wu Jian
Xom
Yredelemnul
Zin
The Shining One
Lugonu

Shops:
D:9 =

Annotations:
D:11 3 runed translucent doors, Onakli's ghost, journeyman DsFi; ProzacElf's ghost, journeyman SpAE; Raspi's ghost, journeyman FoFi; Skimidon's ghost, journeyman HOFi; windycow's ghost, journeyman CeHu


Innate Abilities, Weirdness & Mutations

You are resistant to torment.
((Your stone body is resilient. (AC +9)))
You are immune to poison.
You resist negative energy. (rN+)
((You are resistant to electric shocks. (rElec)))
((You can survive without breathing.))
You are immune to petrification.
You are immune to rotting.


Message History

You hit the meliai but do no damage.
The meliai invokes the aid of its god against you.
Something smites you!
* * * LOW HITPOINT WARNING * * *
You sock the meliai!
The meliai is heavily wounded.
The meliai calls down the wrath of its god upon you.
Something smites you!
* * * LOW HITPOINT WARNING * * *
The meliai hits you but does no damage. The meliai stings you.
* * * LOW HITPOINT WARNING * * *
Really quaff the potion of lignification?
You turn into a tree.
Your scarf of resistance melds into your body.
Your +1 helmet melds into your body.
Your +0 pair of gloves melds into your body.
Your +0 plate armour melds into your body.
You feel hot and cold all over.
Your roots penetrate the ground.
You block the meliai's attack. The meliai stings you.
You die...

# #....... # ###
... ... # #..
#..... # #.# #....
# #.# #.#.# # #.#
#...# # ####.#
#..# # ##....# #y#
#####.....######♣#
...............(.#
..........########
######..>## #####


You could see a meliai.

Vanquished Creatures
  2 hydras
  A centaur warrior (D:13)
  2 two-headed ogres
  Nergalle (D:12)
  An ugly thing (D:11)
  3 cyclopes
  A centaur zombie (D:10)
  4 elephants
  2 black mambas
  Psyche (D:12)
  7 spiny frogs
  2 komodo dragons
  A polar bear (Lair:2)
  3 trolls
  A hornet (D:12)
  A meliai (D:13)
  5 slime creatures (D:12)
  3 blink frogs (Lair:3)
  A snapping turtle (Lair:2)
  2 hippogriffs
  A vampire (D:11)
  2 wraiths (D:10)
  A wyvern (D:12)
  Eustachio (D:6)
  31 yaks
  A hungry ghost (D:10)
  A basilisk (D:12)
  The ghost of VeryBadPlayer the Magician, an amateur DsWz of Vehumet (D:4)
  5 water moccasins
  6 porcupines
  2 ice beasts
  4 phantoms
  2 black bears
  3 orc warriors
  3 sky beasts
  11 ogres
  5 centaurs
  3 wolves (Lair:1)
  4 crocodiles
  10 bullfrogs
  2 gnoll sergeants (D:9)
  A wyvern skeleton (D:13)
  A scorpion (D:5)
  4 killer bees (D:9)
  4 wights (D:9)
  4 howler monkeys
  5 crimson imps
  3 bullfrog zombies
  6 hounds
  A quasit (D:8)
  5 jellies
  9 orc wizards
  2 bullfrog skeletons
  5 orc priests
  2 centaur skeletons
  Ijyb (D:3)
  Natasha (thrice) (D:4)
  An iguana (D:5)
  3 worker ants
  A killer bee zombie (D:7)
  A hound zombie (D:4)
  3 hound skeletons
  A howler monkey zombie (D:7)
  10 adders
  19 gnolls
  4 adder skeletons
  2 worms
  3 dart slugs
  5 leopard geckos
  38 orcs
  4 giant cockroaches
  3 goblins
  11 hobgoblins
  2 jackals (D:4)
  8 kobolds
  9 quokkas
  A ball python (D:3)
  3 bats (D:3)
  2 frilled lizards
  A jackal zombie (D:5)
  2 quokka skeletons
  A quokka zombie (D:9)
  4 rats
341 creatures vanquished.

Vanquished Creatures (collateral kills)
  A hydra (D:11)
1 creature vanquished.

Vanquished Creatures (others)
  A bush (Lair:2)
  3 fungi (Lair:2)
  5 plants
9 creatures vanquished.

Grand Total: 351 creatures vanquished

Notes
Turn   | Place    | Note
-------+----------+-------------------------------------------
     0 | D:1      | Apogee the Gargoyle Gladiator began the quest for the Orb.
     0 | D:1      | Reached XP level 1. HP: 12/12 MP: 1/1
   226 | D:1      | Reached XP level 2. HP: 17/17 MP: 2/2
   818 | D:2      | Reached XP level 3. HP: 21/21 MP: 3/3
  1536 | D:3      | Noticed Ijyb
  1577 | D:3      | Killed Ijyb
  1577 | D:3      | Reached XP level 4. HP: 22/26 MP: 4/4
  1678 | D:3      | Reached skill level 5 in Maces & Flails
  1706 | D:3      | Noticed an ogre
  1716 | D:3      | HP: 1/26 [ogre/+0 giant club (8)]
  1719 | D:3      | Killed an ogre
  1719 | D:3      | Reached XP level 5. HP: 1/30 MP: 5/5
  2088 | D:3      | Found a burning altar of Makhleb.
  2267 | D:3      | Found a blossoming altar of Fedhas.
  2520 | D:4      | Found a runed translucent door.
  2520 | D:4      | Noticed VeryBadPlayer's ghost (amateur DsWz)
  2545 | D:4      | Noticed Natasha
  2550 | D:4      | Killed Natasha
  2550 | D:4      | Reached XP level 6. HP: 35/35 MP: 6/6
  2819 | D:4      | Noticed an angel
  2833 | D:4      | Found a glowing silver altar of Zin.
  2833 | D:4      | Found a shimmering altar of Xom.
  2833 | D:4      | Noticed a sky beast
  2842 | D:4      | Killed a sky beast
  2874 | D:4      | Found a sacrificial altar of Ru.
  2875 | D:4      | Found an ornate altar of the Wu Jian Council.
  2895 | D:4      | Reached XP level 7. HP: 36/40 MP: 7/7
  3160 | D:4      | Noticed Natasha
  3175 | D:4      | Killed Natasha
  3238 | D:4      | Found a white marble altar of Elyvilon.
  3498 | D:4      | Noticed Natasha
  3508 | D:4      | Killed Natasha
  3668 | D:4      | Killed VeryBadPlayer's ghost
  3668 | D:4      | Reached XP level 8. HP: 44/44 MP: 8/8
  3700 | D:5      | Entered Level 5 of the Dungeon
  3742 | D:5      | Found a radiant altar of Vehumet.
  4077 | D:5      | Reached skill level 10 in Maces & Flails
  4172 | D:5      | Found a bloodstained altar of Trog.
  5013 | D:6      | Found a staircase to the Ecumenical Temple.
  5149 | Temple   | Entered the Ecumenical Temple
  5244 | D:5      | Became a worshipper of Trog the Wrathful
  5381 | D:6      | Noticed Eustachio
  5503 | D:6      | Found a shimmering blue altar of Sif Muna.
  5524 | D:6      | Killed Eustachio
  5524 | D:6      | Reached XP level 9. HP: 42/48 MP: 9/9
  5971 | D:6      | Found the +2 shield of Resistance {rF+ rC+ MR+}
  6765 | D:7      | Reached * piety under Trog
  6971 | D:7      | Reached skill level 5 in Fighting
  7056 | D:8      | Found a staircase to the Lair.
  7056 | D:8      | Noticed an elephant
  7081 | D:7      | Killed an elephant
  7171 | D:7      | Reached XP level 10. HP: 45/64 MP: 8/10
  7301 | D:8      | Reached skill level 1 in Armour
  7512 | D:8      | Found an ancient bone altar of Kikubaaqudgha.
  7762 | D:8      | Found a shattered altar of Ashenzari.
  7926 | D:9      | Reached skill level 5 in Armour
  7937 | D:9      | Reached ** piety under Trog
  8032 | D:9      | Found an opulent altar of Gozag.
  8594 | D:9      | Found an iron altar of Okawaru.
  8857 | D:9      | Found a staircase to the Orcish Mines.
  8960 | D:9      | Found Soasen's Jewellery Emporium.
  9003 | D:10     | Entered Level 10 of the Dungeon
  9288 | D:10     | Found a stormy altar of Qazlal.
  9314 | D:10     | Reached *** piety under Trog
  9390 | D:10     | Reached skill level 3 in Shields
  9467 | D:10     | Reached skill level 4 in Shields
  9472 | D:10     | Noticed a cyclops
  9487 | D:10     | Noticed an ice dragon
  9511 | D:10     | Killed a cyclops
  9511 | D:10     | Reached skill level 5 in Shields
  9511 | D:10     | Reached XP level 11. HP: 24/68 MP: 6/11
  9814 | D:10     | Reached skill level 6 in Shields
 10493 | Lair:1   | Entered Level 1 of the Lair of Beasts
 10508 | Lair:1   | Reached skill level 7 in Shields
 10832 | Lair:1   | Reached skill level 8 in Shields
 11224 | Lair:1   | Reached skill level 9 in Shields
 11525 | Lair:1   | Reached skill level 10 in Shields
 11607 | Lair:1   | Reached skill level 11 in Shields
 12118 | Lair:2   | Reached XP level 12. HP: 59/73 MP: 7/12
 12303 | Lair:2   | Reached skill level 12 in Shields
 12432 | Lair:2   | Reached **** piety under Trog
 12655 | Lair:2   | Found a staircase to the Shoals.
 12835 | Lair:2   | Reached skill level 13 in Shields
 13380 | Lair:3   | Found a staircase to the Snake Pit.
 14355 | D:11     | Reached skill level 14 in Shields
 14415 | D:11     | Noticed a four-headed hydra
 14428 | D:11     | Killed a four-headed hydra
 14651 | D:11     | Found a runed translucent gate.
 14788 | D:11     | Noticed a seven-headed hydra
 14800 | D:11     | Killed a seven-headed hydra
 15216 | D:11     | Found a runed translucent gate.
 15217 | D:11     | Found a runed translucent gate.
 15218 | D:11     | Noticed Skimidon's ghost (journeyman HOFi)
 15219 | D:11     | Noticed Raspi's ghost (journeyman FoFi)
 15219 | D:11     | Noticed windycow's ghost (journeyman CeHu)
 15219 | D:11     | Noticed Onakli's ghost (journeyman DsFi)
 15219 | D:11     | Noticed ProzacElf's ghost (journeyman SpAE)
 15431 | D:12     | Noticed Nergalle
 15565 | D:12     | Reached skill level 15 in Shields
 15607 | D:12     | Noticed a two-headed ogre
 15615 | D:12     | Killed a two-headed ogre
 15688 | D:12     | Reached XP level 13. HP: 80/80 MP: 13/13
 15865 | D:12     | Killed Nergalle
 15927 | D:12     | Noticed Psyche
 15938 | D:12     | Killed Psyche
 15938 | D:12     | Reached skill level 10 in Fighting
 16676 | D:13     | Reached ***** piety under Trog
 16681 | D:13     | HP: 4/84 [meliai/divine providence (11)]
 16681 | D:13     | HP: 1/84 [meliai/+0 hand axe (3)]
 16682 | D:13     | Slain by a meliai

Illustrated notes

Levels and vault maps discovered:
D:1:      psy_arrival_conway, layout_rooms, st_stairs_3
D:2:      layout_loops_ring, first_ration, roderic_roman_lattice,
          chequers_garden
D:3:      layout_rooms, lemuel_doored_altar, fedhas_ov_isle_minmay,
          minmay_bisected, uniq_ijyb
D:4:      layout_loops_ring, grunt_temple_overflow_order_and_chaos_1,
          nicolae_overflow_hidden_temple, hellmonk_ghost_happy_afterlife,
          uniq_natasha
D:5:      minmay_angry_zag, layout_layer_cave, lightli_temple_of_fire,
          vehumet_crystals, enter_ossuary_1
D:6:      layout_loops_corners, tgw_sif, minmay_temple_entry_statues_fountains,
          uniq_eustachio
D:7:      layout_rooms, grunt_ogre_cave, nrook_mini_vaults
D:8:      layout_rooms, nicolae_overflow_crystal_walls, kennysheep_little_box,
          david_lair_generic, grunt_decor_cap
D:9:      layout_roguey, grunt_gozag_statues, okawaru_altar_gauntlet_db,
          orc_0_dummy, serial_shops, nicolae_shop_waterfront
D:10:     layout_long_grid, basic_altar, eino_tiny_chamber, hex_medium,
          kennysheep_just_a_vault
D:11:     layout_roguey, gammafunk_ghost_cemetery
D:12:     layout_rooms, uniq_psyche, uniq_nergalle
D:13:     layout_loops_ring, minmay_crystal_room
Temple:   corrupted_temple
Lair:1:   layout_cave_pods
Lair:2:   layout_long_grid, minmay_shoals_entry_hut, serial_bayou_shore_b
Lair:3:   layout_chaotic_city, dummy_snake_entry

Skill      XL: |  1  2  3  4  5  6  7  8  9 10 11 12 13 |
---------------+----------------------------------------+-----
Maces & Flails | 4 5 6 7 9 11 12 | 12.0
Fighting       | 8 11 | 11.2
Armour         | 8 |  8.0
Shields        | 5 11 15 | 15.0
Throwing       | |  1.7
Dodging        | |  2.4

Action                   |  1- 3 |  4- 6 |  7- 9 | 10-12 | 13-15 || total
-------------------------+-------+-------+-------+-------+-------++-------
Melee: Club              |    73 |       |       |       |       ||    73
       Flail             |     6 |       |       |   667 |   170 ||   843
       Whip              |    40 |   150 |   419 |   591 |       ||  1200
       Unarmed           |    20 |       |       |       |       ||    20
Throw: Throwing net      |       |     1 |       |       |     2 ||     3
       Dart              |       |       |     4 |       |     4 ||     8
       Boomerang         |       |       |       |     2 |       ||     2
Invok: Berserk           |       |       |       |     4 |     1 ||     5
       Trog's Hand       |       |       |       |     2 |       ||     2
       Brothers in Arms  |       |       |       |     1 |       ||     1
  Use: Potion            |     3 |       |       |       |     1 ||     4
       Scroll            |     9 |       |     7 |     3 |       ||    19
 Stab: Invisible         |     1 |       |       |       |       ||     1
       Held in net/web   |       |     1 |       |       |     1 ||     2
  Eat: Chunk             |     2 |     5 |    10 |    23 |     4 ||    44
       Ration            |       |       |     1 |     4 |       ||     5
Armor: Scale mail        |    48 |       |       |       |       ||    48
       Leather armour    |     3 |       |       |       |       ||     3
       Skin              |     7 |       |       |       |       ||     7
       Chain mail        |     8 |    77 |   183 |   440 |       ||   708
       Plate armour      |       |       |       |    24 |   112 ||   136
Dodge: Dodged            |    54 |    57 |    93 |   303 |    34 ||   541
Block: Kite shield       |       |       |       |   409 |   116 ||   525
